 Dungeon Crawl Stone Soup version 0.16.0-16-g311141a (webtiles) character file.

2402 MDvedh the Basher (level 9, -2/58 HPs)
             Began as a Demonspawn Berserker on Mar 19, 2015.
             Was a High Priest of Trog.
             Slain by an ogre
             ... wielding a +0 giant spiked club
              (18 damage)
             ... on level 8 of the Dungeon.
             The game lasted 00:18:17 (6919 turns).

MDvedh the Basher (Demonspawn Berserker)            Turns: 6919, Time: 00:18:17

Health: -2/58      AC: 13    Str: 18    XL:     9   Next: 23%
Magic:  3/3        EV:  8    Int:  9    God:    Trog [*****.]
Gold:   265        SH:  0    Dex: 15    Spells: 0 memorised, 8 levels left

rFire  . . .     SeeInvis .     D - +5 dire flail (antimagic)
rCold  . . .     Clarity  .     I - +0 plate armour
rNeg   . . .     SustAb   .     (no shield)
rPois  .         Gourm    .     H - +0 helmet
rElec  .         Spirit   .     (no cloak)
rCorr  .         Warding  .     (no gloves)
rMut   .         Stasis   .     l - +0 pair of boots
MR     +++..                    m - amulet of faith
Stlth  ..........               k - ring of protection from magic
                                C - +2 ring of evasion

@: regenerating, extremely resistant to hostile enchantments, extremely
unstealthy
A: claws 1, rugged brown scales 1, frail 1, foul stench 1, high mp 1, spiny 1,
rot immunity
a: Burn Spellbooks, Berserk, Trog's Hand, Brothers in Arms, Renounce Religion


You were on level 8 of the Dungeon.
You worshipped Trog.
Trog was extremely pleased with you.
You were not hungry.

You visited 1 branch of the dungeon, and saw 8 of its levels.

You collected 398 gold pieces.
You spent 133 gold pieces at shops.

Inventory:

Hand weapons
 D - a +5 antimagic dire flail (weapon)
Armour
 g - a +0 chain mail
 l - a +0 pair of boots (worn)
 H - a +0 helmet (worn)
 I - a +0 plate armour (worn)
Jewellery
 d - an uncursed amulet of stasis
 k - a ring of protection from magic (right claw)
 m - an amulet of faith (around neck)
 w - an uncursed ring of flight
 z - an uncursed ring of sustain abilities
 C - a +2 ring of evasion (left claw)
 E - an uncursed ring of teleportation
Magical devices
 o - a wand of frost (23)
 r - a wand of polymorph (13)
 t - a wand of fireball (9)
 u - a wand of disintegration (12)
 x - a wand of confusion (19)
 F - a wand of digging (14)
 L - a wand of polymorph (14)
Scrolls
 b - 2 scrolls of teleportation
 n - a scroll of magic mapping
 p - 3 scrolls of enchant armour
 y - 3 scrolls of remove curse
 B - 4 scrolls of recharging
 M - a scroll of fog
Potions
 a - a potion of beneficial mutation
 e - 4 potions of flight
 f - a potion of cancellation {unknown}
 i - 7 potions of curing
 j - 3 potions of ambrosia
 q - 4 potions of heal wounds
 s - a potion of haste {unknown}
 v - a potion of degeneration {unknown}
 A - a potion of brilliance {unknown}
 G - a potion of berserk rage {unknown}
 J - a potion of might {unknown}
 K - 2 potions of decay {unknown}
Comestibles
 c - 5 bread rations
 h - a meat ration


   Skills:
 - Level 3.0 Fighting
 + Level 11.5 Maces & Flails
 - Level 1.7 Armour
 - Level 1.7 Dodging


You had 8 spell levels left.
You didn't know any spells.

Dungeon Overview and Level Annotations

Branches:
Dungeon (8/15)             Temple (0/1) D:7
   Lair: D:8-11

Altars:
Elyvilon
Fedhas
Sif Muna
Xom
Yredelemnul

Shops:
D:4 ?


Innate Abilities, Weirdness & Mutations

You have sharp fingernails.
You are partially covered in rugged brown scales (AC +1, +3% HP).
You emit a foul stench.
You are partially covered in sharp spines.
You are immune to rotting.
You are frail (-10% HP).
You have an increased reservoir of magic (+10% MP).


Message History

You hit the ogre!
The ogre is moderately wounded.
The ogre hits you with a giant spiked club!
The ogre looks sick.
Unknown command.
You completely miss the ogre.
The ogre is moderately wounded.
You barely miss the ogre.
The ogre is moderately wounded.
The ogre hits you with a giant spiked club!!
* * * LOW HITPOINT WARNING * * *
You are too injured to fight recklessly!
You are too injured to fight recklessly!
You see here a potion of poison.
Use which ability? (? or * to list)
Your skin crawls.
You feel resistant to hostile enchantments.
You feel slightly more hungry.
The ogre hits you with a giant spiked club!!
You die...

#.. #.. ##########..
#........#.. #+# #.....##.#..
######.####.....##.#..
#########.........+......#.#..
........#.####.####......#.#..
..........!.O@................
#.....<.....................###
####....#.####.#.##......#....
#....#.# #.#.#####...#.#<.
#....#.# #.#.# ######+#..
+....#)# #.#.# #...# ...
#....#.# #.#.####...# ...#
+....#.# #.#........#....#
#....#.# #.#......###....#


You could see an ogre.

Vanquished Creatures
  A hungry ghost (D:8)
  A hippogriff (D:4)
  Menkaure (D:5)
  A sky beast (D:7)
  3 ogres
  A centaur (D:6)
  Blork the orc (D:8)
  4 giant frogs
  2 scorpions (D:5)
  A wight (D:6)
  6 crimson imps
  4 hounds
  A giant frog zombie (D:6)
  2 goliath beetles (D:6)
  A centaur skeleton (D:5)
  4 orc priests
  3 worker ants
  An iguana (D:8)
  5 orc wizards
  A hound skeleton (D:5)
  A worker ant zombie (D:6)
  4 gnolls (D:6)
  9 adders
  3 giant mites
  2 shadow imps (D:5)
  2 worms
  An adder zombie (D:5)
  3 giant geckos
  2 oozes (D:1)
  20 orcs
  3 ball pythons
  19 bats
  2 bat skeletons
  3 giant cockroaches
  14 goblins
  13 hobgoblins
  2 quokkas
  2 giant gecko skeletons (D:5)
  4 giant newts
  A giant spore (D:6)
  12 kobolds
  13 rats
  3 ballistomycetes (D:6)
182 creatures vanquished.

Vanquished Creatures (others)
  An adder skeleton (D:6)
  An orc (D:6)
2 creatures vanquished.

Grand Total: 184 creatures vanquished

Notes
Turn   | Place    | Note
--------------------------------------------------------------
     0 | D:1      | MDvedh, the Demonspawn Berserker, began the quest for the Orb.
     0 | D:1      | Reached XP level 1. HP: 18/18 MP: 1/1
   344 | D:1      | Gained mutation: You are partially covered in sharp spines. [demonic ancestry]
   344 | D:1      | Reached XP level 2. HP: 24/24 MP: 2/2
   863 | D:2      | Reached XP level 3. HP: 29/29 MP: 3/3
   866 | D:2      | Acquired Trog's second power
   938 | D:2      | Found a deep blue altar of Sif Muna.
  1289 | D:3      | Reached skill level 4 in Maces & Flails
  1313 | D:3      | Gained mutation: You are immune to rotting. [demonic ancestry]
  1313 | D:3      | Reached XP level 4. HP: 35/35 MP: 4/4
  1514 | D:3      | Reached skill level 5 in Maces & Flails
  1557 | D:3      | Gained mutation: You are partially covered in rugged brown scales (AC +1, +3% HP). [demonic ancestry]
  1557 | D:3      | Reached XP level 5. HP: 17/42 MP: 5/5
  2554 | D:4      | Found Plutrasm's Magic Scroll Emporium.
  2564 | D:4      | Bought a scroll of enchant armour for 105 gold pieces
  2564 | D:4      | Bought a scroll of identify for 28 gold pieces
  2579 | D:4      | Noticed a hippogriff
  2632 | D:4      | Killed a hippogriff
  2632 | D:4      | Reached skill level 6 in Maces & Flails
  2632 | D:4      | Gained mutation: You have sharp fingernails. [demonic ancestry]
  2632 | D:4      | Reached XP level 6. HP: 48/48 MP: 6/6
  2728 | D:4      | Found a blossoming altar of Fedhas.
  3109 | D:5      | Entered Level 5 of the Dungeon
  3131 | D:5      | Noticed Menkaure
  3142 | D:5      | Killed Menkaure
  3142 | D:5      | Reached skill level 7 in Maces & Flails
  3142 | D:5      | Reached XP level 7. HP: 53/53 MP: 7/7
  3533 | D:5      | Acquired Trog's third power
  3533 | D:5      | Reached skill level 8 in Maces & Flails
  3595 | D:5      | Found a white marble altar of Elyvilon.
  3912 | D:6      | Found a shimmering altar of Xom.
  4013 | D:6      | Reached skill level 9 in Maces & Flails
  4013 | D:6      | Reached XP level 8. HP: 51/59 MP: 8/8
  4393 | D:6      | Received a gift from Trog
  4573 | D:6      | Reached skill level 10 in Maces & Flails
  4721 | D:6      | Got a crude trident
  5492 | D:7      | Found a basalt altar of Yredelemnul.
  5843 | D:7      | Found a staircase to the Ecumenical Temple.
  6111 | D:7      | Reached skill level 11 in Maces & Flails
  6113 | D:7      | Received a gift from Trog
  6113 | D:7      | Gained mutation: You emit a foul stench. [demonic ancestry]
  6113 | D:7      | Reached XP level 9. HP: 61/64 MP: 3/9
  6275 | D:7      | Gained mutation: You have an increased reservoir of magic (+10% MP). [mutagenic meat]
  6276 | D:7      | Gained mutation: You are frail (-10% HP). [mutagenic meat]
  6839 | D:8      | Noticed Blork the orc
  6845 | D:8      | Killed Blork the orc
  6919 | D:8      | Slain by an ogre

Action                   |  1- 3 |  4- 6 |  7- 9 || total
-------------------------+-------+-------+-------++-------
Melee: Mace              |    49 |       |       ||    49
       Flail             |    39 |   118 |   109 ||   266
       Dire flail        |       |       |   130 ||   130
       Morningstar       |       |       |    44 ||    44
Invok: Berserk           |     1 |     2 |     2 ||     5
       Burn Spellbooks   |       |       |     1 ||     1
       Trog's Hand       |       |       |     2 ||     2
  Use: Scroll            |       |    13 |     5 ||    18
  Eat: Chunk             |     1 |     1 |     9 ||    11
       Meat ration       |       |     2 |     1 ||     3
       Beef jerky        |       |     1 |     1 ||     2
